 Dungeon Crawl Stone Soup version 0.28.0-53-g5a82cb258f (webtiles) character file.

Game seed: 17207671317280059130

22 jjjjhere the Ogre Mage (level 2, -1/28 HPs)
             Began as an Ogre Air Elementalist on Aug 8, 2022.
             Slain by a worm (8 damage)
             ... on level 1 of the Dungeon.
             The game lasted 00:01:25 (774 turns).

jjjjhere the Ogre Mage (Ogre Air Elementalist)       Turns: 774, Time: 00:01:26

Health: -1/28      AC:  3    Str: 11    XL:     2   Next: 91%
Magic:  2/6        EV:  9    Int: 16    God:
Gold:   15         SH:  0    Dex:  9    Spells: 4/7 levels left

rFire   . . .      SeeInvis +   d - +0 short sword
rCold   . . .      Faith    .   (no shield)
rNeg    . . .      Spirit   .   a - +0 robe
rPois   .          Reflect  .   (helmet restricted)
rElec   .          Harm     .   (no cloak)
rCorr   .          Rampage  .   (gloves unavailable)
Will    .....                   (boots unavailable)
Stlth   +.........              (no amulet)
HPRegen 0.09/turn               b - ring of see invisible
MPRegen 0.10/turn               h - +4 ring of slaying

@: no status effects
A: large, unfitting armour, tough skin 1
a: no special abilities


You were on level 1 of the Dungeon.
You visited 1 branch of the dungeon, and saw 2 of its levels.

You collected 15 gold pieces.

Inventory:

Hand Weapons
 d - a +0 short sword (weapon)
Armour
 a - a +0 robe (worn)
Jewellery
 b - a ring of see invisible (left hand)
 h - a +4 ring of slaying (right hand)
 l - an amulet of guardian spirit
Scrolls
 e - a scroll of brand weapon {unknown}
 f - a scroll of magic mapping {unknown}
 g - 2 scrolls of identify {unknown}
 i - a scroll of teleportation {unknown}
Potions
 c - a potion of brilliance {unknown}
 j - a potion of curing {unknown}


   Skills:
 + Level 1.7 Fighting
 - Level 1.7 Dodging
 - Level 1.4 Stealth
 + Level 3.0 Spellcasting
 + Level 1.5 Conjurations
 - Level 2.6 Air Magic


You had 4 spell levels left.
You knew the following spells:

 Your Spells              Type           Power      Damage    Failure   Level
a - Shock                 Conj/Air       36%        1d5       8%          1
b - Static Discharge      Conj/Air       9%         N/A       12%         2

Your spell library contained the following spells:

 Spells                   Type           Power      Damage    Failure   Level
 Swiftness                Air            11%        N/A       19%         3
 Airstrike                Air            5%         N/A       52%         4


Dungeon Overview and Level Annotations

Branches:
Dungeon (2/15)

Altars:

Annotations:
D:2 Sigmund


Innate Abilities, Weirdness & Mutations

You are too large for most types of armour.
You have tough skin. (AC +1)


Message History

The goblin is almost dead.
Sigmund casts a spell at you.
You are confused.
In your confused state, you trip and fall back down the stairs.
Sigmund closely misses you.
Unknown command.
Unknown command.
Sigmund hits you from afar with a +0 scythe.
In your confused state, you trip and fall back down the stairs.
The dart slug bites you but does no damage.
An endoplasm comes into view.
Unknown command.
Unknown command.
Unknown command.
Sigmund closely misses you. The dart slug barely misses you.
The worm bites you but does no damage.
You climb upwards.
You feel less confused.
There is a stone staircase leading down here.
Unknown command.
Unknown command.
Casting: Shock (safe; 8% risk of failure)
Confirm with . or Enter, or press ? or * to list all spells.
The worm is struck by an arc of lightning.
The worm is moderately wounded.
The lightning grounds out.
The dart slug bites you.
Unknown command.
Casting: Static Discharge (safe; 12% risk of failure)
Confirm with . or Enter, or press ? or * to list all spells.
Aiming: Shock (safe; 8% risk of failure)
Press: ? - help, Shift-Dir - straight line The zap hits the dart slug.
The dart slug is moderately wounded.
The zap hits the dart slug.
The dart slug is severely wounded.
The worm bites you!
* * * LOW HITPOINT WARNING * * *
The dart slug launches a dart at you. The slug dart misses you.
The worm bites you!
You die...

........############.###.#.#..†..
...............).................
........############..##..##.#...
........# ##.#...##.....
######### ###.#.......... #######
### #.....(.###.... #.....#
#.####.#.#.#........
###.###.####.>w##.#......####.(
###...# #...##w.@...#..##.## #...
#...#######.##......#..##.# #.##
..######...............##.# #.#
.## #...##.##...###...##.## #.#
## ###.####.##.#...........###.#
# ##...# ##....###.......÷.##..#
# #..### #..........#..........#
##.## ##.#####÷...##.#.......#
##..# #.....)..##.##.#.......#


You could see a worm and a dart slug.

Vanquished Creatures
  A dart slug (D:1)
  An endoplasm (D:1)
  A giant cockroach (D:1)
  2 goblins (D:1)
  A hobgoblin (D:1)
  2 kobolds (D:1)
  A quokka (D:2)
  3 ball pythons (D:1)
  2 bats (D:1)
  2 frilled lizards (D:1)
  5 rats (D:1)
21 creatures vanquished.

Notes
Turn   | Place    | Note
-------+----------+-------------------------------------------
     0 | D:1      | jjjjhere the Ogre Air Elementalist began the quest for the
                  | Orb.
     0 | D:1      | Reached XP level 1. HP: 16/16 MP: 3/3
    64 | D:1      | Reached skill level 1 in Conjurations
   250 | D:1      | Reached skill level 1 in Fighting
   256 | D:1      | Reached XP level 2. HP: 23/27 MP: 0/5
   294 | D:1      | Learned a level 2 spell: Static Discharge
   761 | D:2      | Noticed Sigmund
   762 | D:2      | Reached skill level 3 in Spellcasting
   773 | D:1      | HP: 7/28 [worm (7)]
   774 | D:1      | Slain by a worm

Illustrated notes

Levels and vault maps discovered:
D:1:      minmay_arrival_plants_in_alcoves, layout_rooms
D:2:      layout_rooms, shapermc_ecumenical_altar_mp_highgroup,
          item_on_display_a, uniq_sigmund, uniq_natasha

Skill      XL: |  1  2 |
---------------+-------+-----
Conjurations   | 1 |  1.5
Fighting       | 1 |  1.7
Spellcasting   | 3 |  3.0
Dodging        | |  1.7
Stealth        | |  1.4
Air Magic      | |  2.6

Action                   || total
-------------------------++-------
Melee: Short sword       ||    28
Throw: Large rock        ||     7
 Cast: Shock             ||    18
       Static Discharge  ||     3
Armor: Robe              ||    15
Dodge: Dodged            ||    19
